 BcadrenCrawl: Boulder Brew version 0.06-688-g08e91b2d95 (webtiles) character file.

Game seed: 8627364865111258651

16 pipel the Caster of Ruination (level 2, 0/3 HPs) Fairy Priest. Began on Dec 20, 2022. Was a Believer of Vehumet. Slain by a cinder newt (1 damage) ... on level 1 of the Dungeon. The game lasted 00:01:07 (119 turns).

pipel the Caster of Ruination (Fairy Priest)         Turns: 119, Time: 00:01:08

Health: 0/3        AC:  0    Str:  4    XL:     2 ^: 17
Magic:  3/3        EV: 21    Int: 12    God:    Vehumet [2* [51]]
Gold:   28         SH:  0    Dex: 20    Spells: 3/5 levels left

rFire    . . .     Slash    +   (no jewelry)
rCold    . . .     Pierce   +
rNeg     . . .     Bludgeon +
rCorr    . . .     Vision   .
rPois    .         Gourm    .
rElec    .         Faith    .
MR       .....     Spirit   .
HPRegen  0.11/turn Reflect  .
MPRegen  0.13/turn Harm     .
Stlth    +.........

@: very slightly contaminated, glowing, slow
A: tiny, no armour or weapons, only one jewelry slot, no melee attacks, fairy
magic, fairy shield, decreased potion and divine healing, unfitting armour,
flight, slowness 1, fairy light 1, insubstantial
a: Fly, Renounce Religion


You were on level 1 of the Dungeon.
You worshipped Vehumet.
Vehumet was pleased with you.
You were not hungry.

You visited 1 branch of the dungeon, and saw 1 of its levels.
You also visited: Temple.

You collected 28 gold pieces.

Inventory:

Scrolls
 c - a scroll of torment
Comestibles
 a - a ration
 b - 3 chunks of flesh


   Skills:
 - Level 2.6 Dodging
 - Level 1.4 Stealth
 * Level 2.3 Spellcasting
 - Level 1.1 Fire Magic
 * Level 0.1 Air Magic
   Level 3.6 Invocations


You had 3 spell levels left.
You knew the following spells:

 Your Spells              Type           Power        Failure   Level  Hunger
a - Foxfire Fire 4 (25) 17% 1 12-32 b - Shock Air            1 (25)       26%         1    12-32

Your spell library contained the following spells:

 Spells                   Type           Power        Failure   Level  Hunger
 Flame Tongue             Fire           4 (30)       17%         1    12-32


Dungeon Overview and Level Annotations

Branches:
Dungeon (1/8)

Altars:


Innate Abilities, Weirdness & Mutations

You are too small to use any gear.
You can wear a single ring or amulet completely around your body.
You are incapable of melee of any kind.
Your magic reserves are extremely low but spells that normally cost one mana are free and all other spells cost one mana.
You are extremely frail but all attacks that strike you do exactly one damage.
The effect of potions and godly healing effects is reduced to match your tiny health and magic reserves.
You are able to fly continuously.
You cover ground slowly.
You exude a bright light in a small radius around yourself.
Your insubstantial form grants resistance to all physical attack and full immunity to sticky flames, nets and constriction. (rPhysical+)


Message History

Press: ? - help, Shift-Dir - straight line, f/p - cinder newt
Aim: a cinder newt (86%, 86% to-hit, severely wounded (3/12), 50% (Melee), haloed)
The zap misses the cinder newt.
The cinder newt bites you (3). The cinder newt burns you (3).
Casting: Shock (safe; 26% risk of failure)
Confirm with . or Enter, or press ? or * to list all spells.
Aiming: Shock (safe; 26% risk of failure)
Press: ? - help, Shift-Dir - straight line, f/p - cinder newt
Aim: a cinder newt (86%, 86% to-hit, severely wounded (3/12), 50% (Melee), haloed)
You miscast Shock.
Nothing appears to happen.
The cinder newt barely misses you.
Casting: Shock (safe; 26% risk of failure)
Confirm with . or Enter, or press ? or * to list all spells.
Aiming: Shock (safe; 26% risk of failure)
Press: ? - help, Shift-Dir - straight line, f/p - cinder newt
Aim: a cinder newt (86%, 86% to-hit, severely wounded (3/12), 50% (Melee), haloed)
The zap hits the cinder newt (1).
The cinder newt is almost dead. (2/12) HP The cinder newt bites you (1).
The cinder newt burns you (4).
You die...

#..>....#
#.####### #.#
#.# #.# #.#
#.#
.##########.#
.$....l@....#
..###########


You could see a cinder newt.

Vanquished Creatures
  A giant cockroach (D:1)
  A bat (D:1)
  A rat (D:1)
3 creatures vanquished.

Vanquished Creatures (others)
  6 foxfires (D:1)
6 creatures vanquished.

Grand Total: 9 creatures vanquished

Notes
Turn   | Place    | Note
-------+----------+-------------------------------------------
     0 | Start Te | pipel the Fairy Priest began the quest for the Orb.
     0 | Start Te | Reached XP level 1. HP: 3/3 MP: 3/3
     0 | Start Te | Found a sparkling altar of Nemelex Xobeh.
     1 | Start Te | Found a basalt altar of Yredelemnul.
     1 | Start Te | Found a white marble altar of Elyvilon.
     2 | Start Te | Found an iron altar of Okawaru.
     3 | Start Te | Found a glowing silver altar of Zin.
     3 | Start Te | Found a blossoming altar of Fedhas.
     4 | Start Te | Found a stormy altar of Qazlal.
     5 | Start Te | Became a worshipper of Vehumet
     5 | Start Te | Reached * piety under Vehumet
     5 | Start Te | Offered knowledge of Flame Tongue by Vehumet.
     5 | Start Te | Offered knowledge of Shock by Vehumet.
     5 | Start Te | Reached ** piety under Vehumet
    29 | D:1      | Reached XP level 2. HP: 3/3 MP: 3/3
    32 | D:1      | Learned a level 1 spell: Shock
   119 | D:1      | Slain by a cinder newt

Illustrated notes

Levels and vault maps discovered:
D:1:      scummos_arrival_checkerplants, layout_loops_ring, minmay_tetromino_i4

Skill      XL: |  1 |
---------------+----+-----
Spellcasting   | 2 |  2.3
Dodging        | |  2.6
Stealth        | |  1.4
Fire Magic     | |  1.1
Air Magic      | |  0.1
Invocations    | |  3.6

Action                   || total
-------------------------++-------
 Cast: Foxfire           ||     4
       Shock             ||    10
Dodge: Dodged            ||     4
